 Dungeon Crawl Stone Soup version 0.30.0 (webtiles) character file.

Game seed: 16234447554657671659

14 leafyfresh the Covert (level 2, -6/29 HPs)
             Began as a Gnoll Delver on May 6, 2023.
             Mangled by a wight
             ... wielding a +0 long sword
              (8 damage)
             ... on level 6 of the Dungeon.
             The game lasted 00:00:53 (235 turns).

leafyfresh the Covert (Gnoll Delver)                 Turns: 235, Time: 00:00:53

Health: -6/29      AC:  4    Str: 11    XL:     2   Next: 41%
Magic:  2/2        EV: 13    Int:  9    God:
Gold:   20         SH:  0    Dex: 13    Spells: 1/1 levels left

rFire   . . .        a - +0 short sword
rCold   . . .        (no shield)
rNeg    . . .        b - +0 leather armour
rPois   .            (no helmet)
rElec   .            (no cloak)
rCorr   .            h - +0 pair of gloves
SInv    .            (no boots)
Will    .....        (no amulet)
Stlth   ++++         (no ring)
HPRegen 0.24/turn    (no ring)
MPRegen 0.08/turn

%: no passive effects
@: no status effects
A: fangs 1, strong nose, distributed training
a: no special abilities


You were on level 6 of the Dungeon.
You visited 1 branch of the dungeon, and saw 2 of its levels.

You collected 20 gold pieces.

Inventory:

Hand Weapons
 a - a +0 short sword (weapon)
 j - a +0 sling
Armour
 b - a +0 leather armour (worn)
 h - a +0 pair of gloves (worn)
 l - a +0 buckler
Wands
 g - a wand of digging (3)
Scrolls
 c - a scroll of fog
 d - a scroll of magic mapping
 e - a scroll of fear
 i - 3 scrolls of enchant armour {unknown}
 k - 3 scrolls of poison {unknown}
Potions
 f - a potion of haste


   Skills:
 + Level 6.5 Fighting
 + Level 4.5 Short Blades
 + Level 0.4 Long Blades
 + Level 0.4 Axes
 + Level 0.4 Maces & Flails
 + Level 0.4 Polearms
 + Level 0.4 Staves
 + Level 0.4 Ranged Weapons
 + Level 0.4 Throwing
 + Level 0.4 Armour
 + Level 4.5 Dodging
 + Level 9.5 Stealth
 + Level 0.4 Shields
 + Level 0.4 Unarmed Combat
 + Level 0.4 Spellcasting
 + Level 0.2 Conjurations
 + Level 0.2 Hexes
 + Level 0.2 Summonings
 + Level 0.2 Necromancy
 + Level 0.2 Translocations
 + Level 0.2 Transmutations
 + Level 0.2 Fire Magic
 + Level 0.2 Ice Magic
 + Level 0.2 Air Magic
 + Level 0.2 Earth Magic
 + Level 0.2 Poison Magic
 + Level 0.5 Invocations
 + Level 0.4 Evocations


You had one spell level left.
You didn't know any spells.
Your spell library was empty.

Dungeon Overview and Level Annotations

Branches:
Dungeon (6/15)
 Temple: D:4-7

Altars:

Annotations:
D:5 Ijyb


Innate Abilities, Weirdness & Mutations

You have very sharp teeth.
Your uncanny sense of smell can sniff out nearby items.
Your experience applies equally to all skills.


Message History

The hound bites you.
An orc comes into view. It is wielding a +0 hand axe.
An orc comes into view. It is wielding a +0 dagger.
You hit the hound but do no damage.
The hound is heavily wounded.
The hound closely misses you. The hound misses you.
You barely miss the hound.
The hound is heavily wounded.
The hound bites you.
A sky beast comes into view.
You hit the hound but do no damage.
The hound is heavily wounded.
The hound completely misses you.
You miss the hound.
The hound is heavily wounded.
The hound barely misses you. The hound attacks as you move away!
The hound bites you. The hound attacks as you move away!
The hound bites you but does no damage. The hound bites you.
There is a stone staircase leading down, spattered with blood here.
You can't go up here!
The hound bites you but does no damage.
You climb downwards.
Found 5 stones and a robe.
Found a stone staircase leading down.
There is a stone staircase leading up here.
Unknown command.
The hound misses you.
There is a stone staircase leading down here.
The gnoll shouts!
The hound bites you.
The gnoll shouts!
You hit the wight but do no damage. You bite the wight, but do no damage.
The hound closely misses you. The hound bites you.
You barely miss the wight. The gnoll hits you with a +0 club.
* * * LOW HITPOINT WARNING * * *
The hound barely misses you. The hound bites you.
* * * LOW HITPOINT WARNING * * *
The wight hits you with a +0 long sword!
You die...

...........#..
.............#
.............#
.............# #
....g[.......#.#
.....g..........
................
.......zh.......
..(##.g.@z......
####zz......
#........
........#
.........
.......###
.........
#..##.#.#.


You could see a hound, 4 wights and 3 gnolls.

Vanquished Creatures
  An adder (D:5)
  A worm (D:5)
  A quokka (D:5)
3 creatures vanquished.

Notes
Turn   | Place    | Note
-------+----------+-------------------------------------------
     0 | D:5      | Reached skill level 9 in Stealth
     0 | D:5      | leafyfresh the Gnoll Delver began the quest for the Orb.
     0 | D:5      | Reached XP level 1. HP: 23/23 MP: 1/1
    94 | D:5      | Reached XP level 2. HP: 29/29 MP: 2/2
   190 | D:5      | Noticed a howler monkey
   213 | D:5      | Noticed Ijyb
   224 | D:5      | Noticed a sky beast
   230 | D:6      | Noticed a wight
   230 | D:6      | Noticed a wight
   230 | D:6      | Noticed a wight
   230 | D:6      | Noticed a wight
   235 | D:6      | Mangled by a wight

Illustrated notes

Levels and vault maps discovered:
D:5:      layout_rooms, uniq_ijyb
D:6:      layout_rooms, lemuel_coloured_pillars_altar, serial_shops, shop

Skill      XL: | |
---------------+-+-----
Stealth        | |  9.5
Fighting       | |  6.5
Short Blades   | |  4.5
Long Blades    | |  0.4
Axes           | |  0.4
Maces & Flails | |  0.4
Polearms       | |  0.4
Staves         | |  0.4
Ranged Weapons | |  0.4
Throwing       | |  0.4
Armour         | |  0.4
Dodging        | |  4.5
Shields        | |  0.4
Unarmed Combat | |  0.4
Spellcasting   | |  0.4
Conjurations   | |  0.2
Hexes          | |  0.2
Summonings     | |  0.2
Necromancy     | |  0.2
Translocations | |  0.2
Transmutations | |  0.2
Fire Magic     | |  0.2
Ice Magic      | |  0.2
Air Magic      | |  0.2
Earth Magic    | |  0.2
Poison Magic   | |  0.2
Invocations    | |  0.5
Evocations     | |  0.4

Action                     || total
---------------------------++-------
  Melee: Short sword       ||    55
         Bite              ||    13
   Fire: Sling             ||     9
 Armour: Leather armour    ||     5
  Dodge: Dodged            ||    36
